 Dungeon Crawl Stone Soup version 0.20.1-1-g8b1a95d (webtiles) character file.

1184 jmlagarto the Slinger (level 8, -6/54 HPs)
             Began as a Halfling Hunter on Aug 8, 2017.
             Was a Follower of Qazlal.
             Mangled by a slime creature (12 damage)
             ... on level 5 of the Dungeon on Aug 9, 2017.
             The game lasted 00:25:31 (4957 turns).

jmlagarto the Slinger (Halfling Hunter)             Turns: 4957, Time: 00:25:32

Health: -6/54      AC:  4    Str: 13    XL:     8   Next: 70%
Magic:  8/8        EV: 15    Int: 14    God:    Qazlal [*.....]
Gold:   211        SH:  2    Dex: 17    Spells: 7/7 levels left

rFire    . . .     SeeInvis .   a - +1 hunting sling
rCold    . . .     Gourm    .   (shield restricted)
rNeg     . . .     Faith    .   c - +0 leather armour
rPois    .         Spirit   .   w - +0 helmet
rElec    .         Reflect  .   (no cloak)
rCorr    +         Harm     .   (no gloves)
MR       .....                  (no boots)
Stlth    ++........             m - amulet of regeneration
Regen    0.6/turn               d - ring of resist corrosion
MPRegen  0.2/turn               t - +5 ring of intelligence

@: flying
A: mutation resistance 1
a: Renounce Religion


You were on level 5 of the Dungeon.
You worshipped Qazlal.
Qazlal was aware of your devotion.
You were full.

You visited 1 branch of the dungeon, and saw 5 of its levels.

You collected 211 gold pieces.

Inventory:

Hand Weapons
 a - a +1 hunting sling (weapon)
 b - a +0 short sword
 p - a +0 hunting sling
Missiles
 g - 199 stones (quivered)
Armour
 c - a +0 leather armour (worn)
 e - a cursed +0 ring mail
 w - a +0 helmet (worn)
 B - a +0 scale mail
Jewellery
 d - a ring of resist corrosion (left hand)
 k - a +4 ring of protection
 m - an amulet of regeneration (around neck)
 t - a +5 ring of intelligence (right hand)
Wands
 y - a wand of acid (10/15)
 F - a wand of disintegration (14/24)
Scrolls
 h - 5 scrolls of identify {unknown}
 i - 2 scrolls of remove curse {unknown}
 r - 3 scrolls of teleportation {unknown}
 v - 3 scrolls of fog {unknown}
 x - a scroll of amnesia {unknown}
 C - a scroll of enchant weapon {unknown}
 E - a scroll of immolation {unknown}
Potions
 l - a potion of mutation {unknown}
 n - 2 potions of degeneration {unknown}
 o - 3 potions of heal wounds {unknown}
 q - a potion of flight
 u - a potion of berserk rage {unknown}
 z - 2 potions of invisibility {unknown}
Books
 A - a book of Frost

   Spells                             Type                      Level
   a - Freeze                         Ice                          1
   b - Throw Frost                    Conjuration/Ice              2
   c - Ozocubu's Armour               Charms/Ice                   3
   d - Throw Icicle                   Conjuration/Ice              4
   e - Summon Ice Beast               Ice/Summoning                4
Comestibles
 f - 3 bread rations
 s - 2 meat rations


   Skills:
 + Level 4.4 Fighting
 + Level 12.1 Slings
 + Level 2.9 Armour
 + Level 2.9 Dodging
 + Level 2.0 Stealth


You had 7 spell levels left.
You didn't know any spells.

Dungeon Overview and Level Annotations

Branches:
Dungeon (5/15)             Temple (0/1) D:5

Altars:
Fedhas
Nemelex Xobeh
Qazlal
Yredelemnul
Zin
The Shining One


Innate Abilities, Weirdness & Mutations

You are small and have problems with some larger weapons.
You are somewhat resistant to further mutation.


Message History

Firing (i - inventory):
g - 201 stones (quivered)
Press: ? - help, Shift-Dir - straight line, f/p - slime creature
Aim: a slime creature (moderately wounded)
You shoot a stone.
The stone barely misses the slime creature.
The stone hits the ooze.
The ooze is heavily wounded.
Firing (i - inventory):
g - 200 stones (quivered)
Press: ? - help, Shift-Dir - straight line, f/p - slime creature
Aim: a slime creature (moderately wounded)
You shoot a stone.
The stone hits the slime creature but does no damage.
The slime creature is moderately wounded.
The slime creature hits you! The slime creature hits you!
* * * LOW HITPOINT WARNING * * *
It was a potion of flight.
You feel very buoyant.
You fly up into the air.
The slime creature hits you!
You die...

.#.##.#..).#
##.####....# #.###
#J.J....).# #.#..
#######....#
#.#.#### # ## #....#
#.#.##.. #
##>##.#### #.#.##.#
# #.....# #.#.##.# #
#.....#
#####.#.##.###### #
#.....#
#.J@.)..........#
####.##J#
#J#####.##.####.# J#
#.##.## #.# #.##.#
## # #.J.# ###(###
#.##.# # #...#
#..)..# #.##[# J
#...###.###[###.##.#
.
#.....'.'>#.'.#.##.#
J
#######.###.#...##.#
. #.....###.##.#


You could see a slime creature and an ooze.

Vanquished Creatures
  Menkaure (D:5)
  3 big kobolds (D:5)
  3 scorpions
  A hound (D:5)
  5 orc wizards
  5 orc priests
  A bullfrog skeleton (D:3)
  An iguana (D:4)
  Natasha (thrice) (D:3)
  A hound zombie (D:5)
  A worker ant zombie (D:4)
  3 gnolls (D:2)
  8 adders
  4 worms
  2 dart slugs (D:2)
  6 leopard geckos
  17 orcs
  11 giant cockroaches
  7 goblins
  6 hobgoblins
  4 jackals (D:3)
  11 kobolds
  A quokka (D:3)
  A ball python (D:3)
  9 bats
  5 frilled lizards
  A giant cockroach zombie (D:5)
  A jackal skeleton (D:5)
  9 rats
131 creatures vanquished.

Vanquished Creatures (others)
  4 fungi (D:5)
  7 toadstools (D:5)
11 creatures vanquished.

Grand Total: 142 creatures vanquished

Notes
Turn   | Place    | Note
-------+----------+-------------------------------------------
     0 | D:1      | jmlagarto the Halfling Hunter began the quest for the Orb.
     0 | D:1      | Reached XP level 1. HP: 14/14 MP: 1/1
    67 | D:1      | Reached skill level 6 in Slings
    78 | D:1      | Reached XP level 2. HP: 19/19 MP: 2/2
   368 | D:1      | Reached XP level 3. HP: 24/24 MP: 3/3
  1082 | D:2      | Reached skill level 7 in Slings
  1085 | D:2      | Reached XP level 4. HP: 29/29 MP: 4/4
  1091 | D:2      | Reached skill level 1 in Armour
  1307 | D:2      | Found a glowing golden altar of the Shining One.
  1729 | D:2      | Reached XP level 5. HP: 34/34 MP: 5/5
  1925 | D:3      | Reached skill level 8 in Slings
  2232 | D:3      | Reached XP level 6. HP: 41/41 MP: 6/6
  2236 | D:3      | Found a stormy altar of Qazlal.
  2448 | D:3      | Became a worshipper of Qazlal Stormbringer
  2596 | D:3      | Found a sparkling altar of Nemelex Xobeh.
  2635 | D:3      | Noticed Natasha
  2662 | D:3      | Killed Natasha
  2662 | D:3      | Reached skill level 9 in Slings
  2756 | D:3      | Noticed Natasha
  2774 | D:3      | Killed Natasha
  2788 | D:3      | Noticed Natasha
  2795 | D:3      | Killed Natasha
  3182 | D:4      | Found a basalt altar of Yredelemnul.
  3204 | D:4      | Reached XP level 7. HP: 46/46 MP: 7/7
  3591 | D:4      | Found a blossoming altar of Fedhas.
  3763 | D:4      | Found a glowing silver altar of Zin.
  3806 | D:4      | Reached skill level 10 in Slings
  3942 | D:5      | Entered Level 5 of the Dungeon
  4053 | D:5      | Reached * piety under Qazlal
  4350 | D:5      | Reached XP level 8. HP: 52/52 MP: 8/8
  4458 | D:5      | Noticed Menkaure
  4466 | D:5      | Killed Menkaure
  4466 | D:5      | Reached skill level 11 in Slings
  4519 | D:5      | Found a staircase to the Ecumenical Temple.
  4746 | D:5      | Reached skill level 12 in Slings
  4878 | D:5      | Noticed a slime creature
  4878 | D:5      | Noticed a slime creature
  4957 | D:5      | Mangled by a slime creature

Skill      XL: |  1  2  3  4  5  6  7  8 |
---------------+-------------------------+-----
Slings         | 6 7 8 9 10 12 | 12.1
Fighting       | 2 3 4 |  4.4
Armour         | 1 2 |  2.9
Stealth        | 2 |  2.0
Dodging        | |  2.9

Action                   |  1- 3 |  4- 6 |  7- 9 || total
-------------------------+-------+-------+-------++-------
Melee: Short sword       |     6 |       |       ||     6
       Hunting sling     |       |       |     1 ||     1
 Fire: Hunting sling     |    57 |   221 |   242 ||   520
  Use: Potion            |       |     2 |     1 ||     3
  Eat: Chunk             |       |     6 |     4 ||    10
       Fruit             |       |       |     2 ||     2
       Bread ration      |       |       |     1 ||     1
Armor: Leather armour    |     3 |    22 |    32 ||    57
Dodge: Dodged            |    15 |    93 |    65 ||   173
Block: Other             |       |       |     2 ||     2
